Sasquatch vs Carnivores
Created - March 9, 2018 at 19:15
Goals
|
| Sasquatch |
3 |
2 |
4 |
9 |
| Carnivores |
2 |
0 |
2 |
4 |
|
Shots
|
| Sasquatch |
10 |
17 |
15 |
42 |
| Carnivores |
14 |
13 |
12 |
39 |
|
1st period
1. Sasquatch , Nick Bjugstad 26 (Matt Halischuk 24, Jason Zucker 32) at 11:49
2. Sasquatch , Jason Akeson 25 (Drew Shore 68) at 14:40 (PP)
3. Carnivores , Brendan Gallagher 32 (Anton Gustafsson 40) at 15:49
4. Sasquatch , Jason Akeson 26 (Matt Taormina 13, Drew Shore 69) at 16:52
5. Carnivores , Steve Begin 9 (Nikita Alexeev 5, Nate Schmidt 14) at 19:05
Penalties :
Josh Manson (Bre) for Holding (Minor) at 14:36
2nd period
6. Sasquatch , Jason Akeson 27 (Matt Taormina 14, Drew Shore 70) at 3:57
7. Sasquatch , Matt Halischuk 15 (Jason Zucker 33) at 16:37
Penalties :
Matt Halischuk (Gat) for High sticking (Minor) at 9:08, Melker Karlsson (Gat) for Roughing (Minor) at 12:23, Brendan Gallagher (Bre) for Slashing (Minor) at 16:59, Nicolas Kerdiles (Bre) for Hooking (Minor) at 19:18
3rd period
8. Sasquatch , Filip Forsberg 42 (Jason Akeson 43) at 0:26 (PP)
9. Sasquatch , Matt Halischuk 16 (Nick Bjugstad 37, Patrick Wey 30) at 3:21
10. Sasquatch , Nick Bjugstad 27 (Matt Halischuk 25, Jason Zucker 34) at 3:58
11. Sasquatch , Nick Bjugstad 28 (Martin Marincin 12, Slava Voynov 18) at 7:58
12. Carnivores , Blake Geoffrion 29 (Anton Gustafsson 41, Brendan Gallagher 32) at 8:32
13. Carnivores , Anton Gustafsson 21 (Brendan Gallagher 33, Blake Geoffrion 48) at 10:45 (PP)
Penalties :
Matt Halischuk (Gat) for Interference (Minor) at 1:07, Josh Manson (Bre) for Fighting (Major) at 9:29, Lauri Tukonen (Gat) for Fighting (Major) at 9:29, Lauri Tukonen (Gat) for instigated a fight (Minor) at 9:29, Lauri Tukonen (Gat) for instigated a fight (10 Minutes Misconduct) at 9:29, Scott Laughton (Bre) for Roughing (Minor) at 19:42
Goalie Stats
Joonas Korpisalo (Gat), 35 saves from 39 shots - (0.897), W, 5-10-0, 60:00 minutes
Antti Raanta (Bre), 10 saves from 13 shots - (0.769), 19:34 minutes
Daniel Altshuller (Bre), 23 saves from 29 shots - (0.793), L, 2-5-0, 40:26 minutes
Players Stats for Sasquatch
Player Name G A P +/- PIM S H SB GA TA FO MP PP MP PK MP
------------------------------------------------------------------------------------
Brandon Gormley 0 0 0 1 0 0 1 1 0 0 0/0 18:46 0:58 2:53
Brock Trotter 0 0 0 -1 0 2 1 0 1 0 0/0 14:03 0:00 2:12
Drew Shore 0 3 3 0 0 3 1 1 1 2 18/39 24:44 2:22 4:17
Filip Forsberg 1 0 1 0 0 6 1 0 2 0 3/4 20:27 2:22 0:00
Jason Akeson 3 1 4 0 0 8 0 0 0 1 2/2 20:35 2:22 0:00
Jason Zucker 0 3 3 5 0 0 1 1 1 0 1/2 15:32 1:06 0:00
Lauri Tukonen 0 0 0 -1 17 1 1 0 0 0 0/0 11:14 0:00 2:54
Martin Marincin 0 1 1 3 0 2 1 2 0 1 0/0 15:16 0:00 4:20
Matt Halischuk 2 2 4 5 4 5 2 0 0 1 1/1 14:15 0:00 0:24
Matt Taormina 0 2 2 0 0 2 1 0 1 1 0/0 22:47 0:58 4:20
Melker Karlsson 0 0 0 -1 2 2 0 0 0 0 7/11 11:38 0:00 0:00
Nick Bjugstad 3 1 4 5 0 4 2 0 0 0 3/12 15:04 1:06 0:00
Nick Leddy 0 0 0 0 0 5 0 0 1 1 0/0 23:21 2:30 0:00
Patrick Wey 0 1 1 1 0 0 2 0 1 1 0/0 26:06 2:30 2:53
Petr Straka 0 0 0 0 0 1 0 0 0 0 0/0 9:14 1:06 0:00
Sergey Kalinin 0 0 0 0 0 1 0 0 0 1 2/3 8:03 0:00 2:31
Slava Voynov 0 1 1 3 0 0 0 0 1 1 0/0 13:56 0:00 0:00
Teemu Hartikainen 0 0 0 0 0 0 1 0 0 0 0/0 7:42 0:00 2:08
Players Stats for Carnivores
Player Name G A P +/- PIM S H SB GA TA FO MP PP MP PK MP
------------------------------------------------------------------------------------
Adam Pelech 0 0 0 0 0 0 0 0 0 1 0/0 6:30 0:00 0:00
Anton Gustafsson 1 2 3 -1 0 4 1 1 1 1 23/48 23:55 4:19 2:31
Blake Geoffrion 1 1 2 -1 0 2 1 1 0 1 1/2 21:24 4:19 0:00
Brendan Gallagher 1 2 3 -1 2 8 2 1 3 0 0/1 21:45 4:21 0:00
David Schlemko 0 0 0 0 0 0 0 0 0 0 0/0 6:30 0:00 0:00
Jeremy Welsh 0 0 0 0 0 4 2 0 1 1 1/1 11:31 0:08 0:00
Jeremy Williams 0 0 0 0 0 3 1 0 1 0 0/0 11:23 0:00 0:00
Joe Corvo 0 0 0 0 0 3 2 1 1 0 0/0 25:45 4:01 2:30
Josh Manson 0 0 0 0 7 0 1 1 0 1 0/0 6:32 0:00 0:00
Mark Jankowski 0 0 0 0 0 0 0 0 0 0 0/0 0:33 0:14 0:19
Mark McNeill 0 0 0 -2 0 1 0 0 0 0 0/0 6:58 0:00 0:00
Markus Granlund 0 0 0 0 0 0 1 0 0 0 5/5 11:23 0:00 0:00
Mat Clark 0 0 0 -4 0 1 4 0 1 0 0/0 17:51 3:12 0:00
Mattias Backman 0 0 0 0 0 0 0 0 0 0 0/0 2:22 0:00 0:00
Nate Schmidt 0 1 1 -3 0 0 1 2 0 2 0/0 15:12 0:00 0:58
Nicolas Kerdiles 0 0 0 -2 2 1 1 0 0 0 0/1 7:47 0:00 0:30
Nikita Alexeev 0 1 1 -1 0 2 0 1 1 0 1/1 16:19 2:46 0:00
Ryan Murray 0 0 0 0 0 4 2 3 0 1 0/0 25:45 4:01 2:30
Scott Laughton 0 0 0 -1 2 1 1 0 0 0 3/8 16:51 2:46 0:33
Stanislav Galiev 0 0 0 0 0 0 0 0 0 0 0/0 0:00 0:00 0:00
Steve Begin 1 0 1 -1 0 4 3 1 1 0 0/1 18:50 2:46 2:31
T.J Brodie 0 0 0 -1 0 1 2 2 0 1 0/0 13:31 3:12 0:58
Zack Smith 0 0 0 -2 0 0 1 0 0 0 3/6 7:50 0:00 0:32
3 Stars
1 - Nick Bjugstad (Gat)
2 - Matt Halischuk (Gat)
3 - Jason Akeson (Gat)
Power Play
Sasquatch - 2 on 4 Attempt(s) - 50.00%
Carnivores - 1 on 4 Attempt(s) - 25.00%
Penalty Kill
Sasquatch - 3 on 4 Attempt(s) - 75.00%
- Score 0 goal in Penalty Kill
Carnivores - 2 on 4 Attempt(s) - 50.00%
- Score 0 goal in Penalty Kill
Team Stat
Sasquatch - Hits : 15 - Faceoff Wins : 37 - Blocked Shots : 5 - Penalty Minutes : 23
Carnivores - Hits : 26 - Faceoff Wins : 37 - Blocked Shots : 14 - Penalty Minutes : 13
Official
Referees : Auger Stephane and Charron Francis
Linesman : Mark Wheler and Pierre Racicot
Game Notes
5:55 of 1st period - Carnivores goal is going for a video replay. After video review, No Goal. The attacking player has interfered with a goalkeeper in his goal crease.
Jason Akeson has scored a Hat Trick!
Antti Raanta enters game at 0:26 of 3rd period
Nick Bjugstad has scored a Hat Trick!
Lauri Tukonen beats up Josh Manson at 9:29 of 3rd period
Finance
Level 1 -- Attendance: 1347 (67.35%) -- Ticket Income $53,880
Level 2 -- Attendance: 704 (70.40%) -- Ticket Income $14,080
Total Attendance: 2051 (68.37%)
Total Ticket Income: $67,960
Other Income: $3,398
Total Income: $71,358
Sasquatch
5 vs 5 Forward
Center Left Wing Right Wing Time % Phy DF OF
1 Drew Shore Filip Forsberg Jason Akeson 40 1 2 2
2 Nick Bjugstad Jason Zucker Matt Halischuk 30 1 2 2
3 Melker Karlsson Brock Trotter Lauri Tukonen 20 1 2 2
4 Sergey Kalinin Teemu Hartikainen Petr Straka 10 1 2 2
5 vs 5 Defense
Defense Defense Time % Phy DF OF
1 Patrick Wey Nick Leddy 40 1 2 2
2 Brandon Gormley Matt Taormina 30 1 2 2
3 Martin Marincin Slava Voynov 20 1 2 2
4 Slava Voynov Matt Taormina 10 1 2 2
PowerPlay Forward
Center Left Wing Right Wing Time % Phy DF OF
1 Drew Shore Filip Forsberg Jason Akeson 60 1 2 2
2 Nick Bjugstad Jason Zucker Petr Straka 40 1 2 2
PowerPlay Defense
Defense Defense Time % Phy DF OF
1 Nick Leddy Patrick Wey 60 1 2 2
2 Brandon Gormley Matt Taormina 40 1 2 2
Penalty Kill 4 Players Forward
Center Wing Time % Phy DF OF
1 Drew Shore Lauri Tukonen 60 1 2 2
2 Sergey Kalinin Matt Halischuk 40 1 2 2
Penalty Kill 4 Players Defense
Defense Defense Time % Phy DF OF
1 Martin Marincin Matt Taormina 60 1 2 2
2 Brandon Gormley Patrick Wey 40 1 2 2
Penalty Kill - 3 Players Forward
Forward Time % Phy DF OF
1 Sergey Kalinin 60 1 2 2
2 Brock Trotter 40 1 2 2
Penalty Kill - 3 Players Defense
Defense Defense Time % Phy DF OF
1 Matt Taormina Brandon Gormley 60 1 2 2
2 Martin Marincin Patrick Wey 40 1 2 2
4 vs 4 Forward
Center Wing Time % Phy DF OF
1 Nick Bjugstad Filip Forsberg 60 1 2 2
2 Drew Shore Jason Zucker 40 1 2 2
4 vs 4 Defense
Defense Defense Time % Phy DF OF
1 Brandon Gormley Patrick Wey 60 1 2 2
2 Nick Leddy Martin Marincin 40 1 2 2
Last Minutes Offensive
Center Left Wing Right Wing Defense Defense
Drew Shore Filip Forsberg Jason Akeson Brandon Gormley Nick Leddy
Last Minutes Defensive
Center Left Wing Right Wing Defense Defense
Drew Shore Filip Forsberg Matt Halischuk Martin Marincin Matt Taormina
Goaltenders
Starting : Joonas Korpisalo
Backup : Corey Crawford
Extra Forwards
Normal : Jason Zucker, Petr Straka, Teemu Hartikainen - PP : Jason Zucker, Melker Karlsson - PK : Teemu Hartikainen
Extra Defensemen
Normal : Brandon Gormley, Slava Voynov, Nick Leddy - PP : Brandon Gormley - PK : Nick Leddy, Slava Voynov
Penalty Shots
Jason Akeson, Jason Zucker, Nick Leddy, Filip Forsberg, Lauri Tukonen
Scratches
Andy Andreoff (Healthy), T.J. Tynan (Healthy), Dmitri Orlov (Healthy), Nicolas Deslauriers (Healthy), Ty Rattie (Healthy)
Joey Laleggia (Healthy), Jack Campbell (Healthy)
Carnivores
5 vs 5 Forward
Center Left Wing Right Wing Time % Phy DF OF
1 Anton Gustafsson Blake Geoffrion Brendan Gallagher 40 1 2 2
2 Scott Laughton Steve Begin Nikita Alexeev 30 1 2 2
3 Markus Granlund Jeremy Welsh Jeremy Williams 20 1 2 2
4 Zack Smith Nicolas Kerdiles Mark McNeill 10 1 2 2
5 vs 5 Defense
Defense Defense Time % Phy DF OF
1 Ryan Murray Joe Corvo 40 1 2 2
2 Nate Schmidt Mat Clark 30 1 2 2
3 Josh Manson T.J Brodie 20 1 2 2
4 David Schlemko Adam Pelech 10 1 2 2
PowerPlay Forward
Center Left Wing Right Wing Time % Phy DF OF
1 Anton Gustafsson Blake Geoffrion Brendan Gallagher 60 1 1 3
2 Scott Laughton Steve Begin Nikita Alexeev 40 1 1 3
PowerPlay Defense
Defense Defense Time % Phy DF OF
1 Ryan Murray Joe Corvo 60 1 1 3
2 T.J Brodie Mat Clark 40 1 1 3
Penalty Kill 4 Players Forward
Center Wing Time % Phy DF OF
1 Anton Gustafsson Steve Begin 60 1 3 1
2 Zack Smith Brendan Gallagher 40 1 3 1
Penalty Kill 4 Players Defense
Defense Defense Time % Phy DF OF
1 Ryan Murray Joe Corvo 60 1 3 1
2 Nate Schmidt T.J Brodie 40 1 3 1
Penalty Kill - 3 Players Forward
Forward Time % Phy DF OF
1 Steve Begin 60 1 3 1
2 Brendan Gallagher 40 1 3 1
Penalty Kill - 3 Players Defense
Defense Defense Time % Phy DF OF
1 Ryan Murray Joe Corvo 60 1 3 1
2 Nate Schmidt T.J Brodie 40 1 3 1
4 vs 4 Forward
Center Wing Time % Phy DF OF
1 Anton Gustafsson Brendan Gallagher 60 1 2 2
2 Scott Laughton Steve Begin 40 1 2 2
4 vs 4 Defense
Defense Defense Time % Phy DF OF
1 Ryan Murray Joe Corvo 60 1 2 2
2 Nate Schmidt Mat Clark 40 1 2 2
Last Minutes Offensive
Center Left Wing Right Wing Defense Defense
Anton Gustafsson Blake Geoffrion Brendan Gallagher Ryan Murray Nate Schmidt
Last Minutes Defensive
Center Left Wing Right Wing Defense Defense
Anton Gustafsson Steve Begin Brendan Gallagher Ryan Murray Nate Schmidt
Goaltenders
Starting : Daniel Altshuller
Backup : Antti Raanta
Extra Forwards
Normal : Mark Jankowski, Scott Laughton, Anton Gustafsson - PP : Mark Jankowski, Jeremy Welsh - PK : Scott Laughton
Extra Defensemen
Normal : Mattias Backman, T.J Brodie, Adam Pelech - PP : Adam Pelech - PK : Adam Pelech, Mattias Backman
Penalty Shots
Blake Geoffrion, Brendan Gallagher, Anton Gustafsson, Jeremy Welsh, Zack Smith
Scratches
Colton Orr (Healthy), Adam Almquist (Healthy), Mark MacMillan (Healthy), Tyler Graovac (Healthy), Patrick McNeill (Healthy)
Sasha Pokulok (Abdominal Strain Injury), Troy Bourke (Healthy), Alexandre Mallet (Healthy), Michael Schumacher (Healthy), Mike McKenna (Healthy)
% Time on Ice - Sasquatch
Lines # - Real PCT - Wanted PCT - Time Play
Normal Forward
1 - 37% - 40% - 18:22
2 - 29% - 30% - 14:05
3 - 24% - 20% - 11:39
4 - 11% - 10% - 5:13
Normal Defense
1 - 42% - 40% - 20:28
2 - 30% - 30% - 14:55
3 - 22% - 20% - 10:49
4 - 6% - 10% - 3:07
PP Forward
1 - 68% - 60% - 2:22
2 - 32% - 40% - 1:06
PP Defense
1 - 72% - 60% - 2:30
2 - 28% - 40% - 0:58
PK Forward
1 - 80% - 60% - 5:45
2 - 20% - 40% - 1:28
PK Defense
1 - 60% - 60% - 4:20
2 - 40% - 40% - 2:53
PK3 Forward
1 - 0% - 60%
2 - 0% - 40%
PK3 Defense
1 - 0% - 60%
2 - 0% - 40%
44 Forward
1 - 0% - 60%
2 - 0% - 40%
44 Defense
1 - 0% - 60%
2 - 0% - 40%
Last Minute Offensive - 0:00
Last Minute Defensive - 0:00
Total
Forward - 60:00
Defense - 60:00
|
% Time on Ice - Carnivores
Lines # - Real PCT - Wanted PCT - Time Play
Normal Forward
1 - 35% - 40% - 17:05
2 - 28% - 30% - 13:53
3 - 23% - 20% - 11:23
4 - 14% - 10% - 6:58
Normal Defense
1 - 39% - 40% - 19:14
2 - 30% - 30% - 14:39
3 - 18% - 20% - 8:56
4 - 13% - 10% - 6:30
PP Forward
1 - 62% - 60% - 4:27
2 - 38% - 40% - 2:46
PP Defense
1 - 56% - 60% - 4:01
2 - 44% - 40% - 3:12
PK Forward
1 - 85% - 60% - 2:56
2 - 15% - 40% - 0:32
PK Defense
1 - 72% - 60% - 2:30
2 - 28% - 40% - 0:58
PK3 Forward
1 - 0% - 60%
2 - 0% - 40%
PK3 Defense
1 - 0% - 60%
2 - 0% - 40%
44 Forward
1 - 0% - 60%
2 - 0% - 40%
44 Defense
1 - 0% - 60%
2 - 0% - 40%
Last Minute Offensive - 0:00
Last Minute Defensive - 0:00
Total
Forward - 60:00
Defense - 60:00
|
Play by Play
1st period
0:01 of 1st period - Anton Gustafsson wins face-off versus Filip Forsberg in neutral zone.
0:14 of 1st period - Snap shot by Blake Geoffrion.
0:14 of 1st period - Stopped by Joonas Korpisalo with a rebound.
0:38 of 1st period - Wrist shot by Nikita Alexeev.
0:38 of 1st period - Shot Misses the Net.
1:32 of 1st period - Wrist shot by Brendan Gallagher.
1:32 of 1st period - Stopped by Joonas Korpisalo with a rebound.
1:56 of 1st period - Slapshot by Nikita Alexeev.
1:56 of 1st period - Deflect By Steve Begin.
1:56 of 1st period - Shot Misses the Net.
1:56 of 1st period - Puck is out of play.
1:57 of 1st period - Nick Bjugstad wins face-off versus Scott Laughton in Sasquatch zone.
3:05 of 1st period - Wrist shot by Zack Smith.
3:05 of 1st period - Deflect By Mark McNeill.
3:05 of 1st period - Shot Misses the Net.
3:05 of 1st period - Puck is out of play.
3:06 of 1st period - Zack Smith wins face-off versus Sergey Kalinin in Sasquatch zone.
3:31 of 1st period - Joe Corvo is hit by Filip Forsberg and loses puck.
4:04 of 1st period - Ryan Murray is hit by Martin Marincin and loses puck.
4:21 of 1st period - Ryan Murray is hit by Brock Trotter.
4:41 of 1st period - Slapshot by Melker Karlsson.
4:41 of 1st period - Shot Misses the Net.
4:47 of 1st period - Snap shot by Mat Clark.
4:47 of 1st period - Stopped by Joonas Korpisalo with a rebound.
5:13 of 1st period - Icing by Sergey Kalinin.
5:14 of 1st period - Sergey Kalinin wins face-off versus Anton Gustafsson in Sasquatch zone.
5:29 of 1st period - Nick Bjugstad is hit by Josh Manson and loses puck.
5:41 of 1st period - Off-side.
5:42 of 1st period - Melker Karlsson wins face-off versus Scott Laughton in neutral zone.
5:53 of 1st period - Snap shot by Nikita Alexeev.
5:53 of 1st period - Stopped by Joonas Korpisalo with a rebound.
5:55 of 1st period - Wrist shot by Steve Begin.
5:55 of 1st period - Carnivores goal is going for a video replay.
5:55 of 1st period - The goal is refused. The attacking player has interfered with a goalkeeper in his goal crease..
5:56 of 1st period - Filip Forsberg wins face-off versus Anton Gustafsson in Sasquatch zone.
5:56 of 1st period - Filip Forsberg is hit by Nate Schmidt.
6:08 of 1st period - Wrist shot by Drew Shore.
6:08 of 1st period - Deflect By Filip Forsberg.
6:08 of 1st period - Shot Misses the Net.
6:08 of 1st period - Puck is out of play.
6:09 of 1st period - Jeremy Welsh wins face-off versus Drew Shore in Carnivores zone.
6:34 of 1st period - Ryan Murray is hit by Matt Halischuk and loses puck.
7:01 of 1st period - Wrist shot by Melker Karlsson.
7:01 of 1st period - Stopped by Daniel Altshuller with a rebound.
7:21 of 1st period - Slapshot by Nick Leddy.
7:21 of 1st period - Shot Blocked by Josh Manson.
7:55 of 1st period - Snap shot by Filip Forsberg.
7:55 of 1st period - Stopped by Daniel Altshuller with a rebound.
8:28 of 1st period - Slapshot by Steve Begin.
8:28 of 1st period - Deflect By Nikita Alexeev.
8:28 of 1st period - Shot Misses the Net.
8:28 of 1st period - Puck is out of play.
8:29 of 1st period - Anton Gustafsson wins face-off versus Drew Shore in Sasquatch zone.
8:38 of 1st period - Snap shot by Brendan Gallagher.
8:38 of 1st period - Stopped by Joonas Korpisalo with a rebound.
8:45 of 1st period - Off-side.
8:46 of 1st period - Markus Granlund wins face-off versus Melker Karlsson in neutral zone.
8:55 of 1st period - Slapshot by Jeremy Williams.
8:55 of 1st period - Shot Misses the Net.
8:57 of 1st period - Snap shot by Ryan Murray.
8:57 of 1st period - Stopped by Joonas Korpisalo without a rebound.
8:58 of 1st period - Drew Shore wins face-off versus Anton Gustafsson in Sasquatch zone.
9:10 of 1st period - Off-side.
9:11 of 1st period - Anton Gustafsson wins face-off versus Drew Shore in neutral zone.
9:38 of 1st period - Nick Bjugstad is hit by Ryan Murray and loses puck.
10:06 of 1st period - Brock Trotter is hit by Jeremy Welsh and loses puck.
10:22 of 1st period - Icing by Sergey Kalinin.
10:23 of 1st period - Sergey Kalinin wins face-off versus Zack Smith in Sasquatch zone.
10:52 of 1st period - Backhand shot by Filip Forsberg.
10:52 of 1st period - Shot Hit the Post.
11:18 of 1st period - Matt Taormina is hit by Steve Begin.
11:37 of 1st period - Slapshot by Joe Corvo.
11:37 of 1st period - Stopped by Joonas Korpisalo without a rebound.
11:38 of 1st period - Zack Smith wins face-off versus Nick Bjugstad in Sasquatch zone.
11:49 of 1st period - Snap shot by Nick Bjugstad.
11:49 of 1st period - Goal by Nick Bjugstad - Sasquatch : 1 - Carnivores : 0.
11:50 of 1st period - Drew Shore wins face-off versus Anton Gustafsson in neutral zone.
12:22 of 1st period - Snap shot by Nick Bjugstad.
12:22 of 1st period - Stopped by Daniel Altshuller with a rebound.
12:28 of 1st period - Wrist shot by Steve Begin.
12:28 of 1st period - Shot Misses the Net.
12:40 of 1st period - Jeremy Williams is hit by Patrick Wey and loses puck.
13:05 of 1st period - Slapshot by Brock Trotter.
13:05 of 1st period - Stopped by Daniel Altshuller with a rebound.
13:26 of 1st period - Brendan Gallagher is hit by Nick Bjugstad.
13:53 of 1st period - Off-side.
13:54 of 1st period - Anton Gustafsson wins face-off versus Melker Karlsson in neutral zone.
14:03 of 1st period - Slapshot by Anton Gustafsson.
14:03 of 1st period - Shot Misses the Net.
14:05 of 1st period - Wrist shot by Brendan Gallagher.
14:05 of 1st period - Stopped by Joonas Korpisalo with a rebound.
14:07 of 1st period - Snap shot by Blake Geoffrion.
14:07 of 1st period - Shot Misses the Net.
14:09 of 1st period - Slapshot by Ryan Murray.
14:09 of 1st period - Stopped by Joonas Korpisalo with a rebound.
14:24 of 1st period - Snap shot by Nikita Alexeev.
14:24 of 1st period - Shot Misses the Net.
14:36 of 1st period - Minor Penalty to Josh Manson for Holding.
14:37 of 1st period - Drew Shore wins face-off versus Anton Gustafsson in Carnivores zone.
14:40 of 1st period - Wrist shot by Jason Akeson.
14:40 of 1st period - Goal by Jason Akeson - Sasquatch : 2 - Carnivores : 0.
14:41 of 1st period - Drew Shore wins face-off versus Anton Gustafsson in neutral zone.
15:06 of 1st period - Ryan Murray is hit by Patrick Wey and loses puck.
15:13 of 1st period - Wrist shot by Matt Halischuk.
15:13 of 1st period - Shot Misses the Net.
15:15 of 1st period - Wrist shot by Matt Halischuk.
15:15 of 1st period - Stopped by Daniel Altshuller with a rebound.
15:33 of 1st period - Wrist shot by Steve Begin.
15:33 of 1st period - Deflect By Scott Laughton.
15:33 of 1st period - Shot Misses the Net.
15:33 of 1st period - Puck is out of play.
15:34 of 1st period - Melker Karlsson wins face-off versus Scott Laughton in Sasquatch zone.
15:47 of 1st period - Snap shot by Steve Begin.
15:47 of 1st period - Stopped by Joonas Korpisalo without a rebound.
15:48 of 1st period - Anton Gustafsson wins face-off versus Drew Shore in Sasquatch zone.
15:49 of 1st period - Snap shot by Brendan Gallagher.
15:49 of 1st period - Goal by Brendan Gallagher - Sasquatch : 2 - Carnivores : 1.
15:50 of 1st period - Anton Gustafsson wins face-off versus Drew Shore in neutral zone.
15:53 of 1st period - Slapshot by Brendan Gallagher.
15:53 of 1st period - Stopped by Joonas Korpisalo with a rebound.
15:59 of 1st period - Slapshot by Drew Shore.
15:59 of 1st period - Stopped by Daniel Altshuller without a rebound.
16:00 of 1st period - Anton Gustafsson wins face-off versus Drew Shore in Carnivores zone.
16:05 of 1st period - Jason Akeson is hit by Brendan Gallagher and loses puck.
16:25 of 1st period - Slapshot by Brendan Gallagher.
16:25 of 1st period - Shot Misses the Net.
16:31 of 1st period - Joe Corvo is hit by Brandon Gormley and loses puck.
16:44 of 1st period - Slapshot by Jason Akeson.
16:44 of 1st period - Stopped by Daniel Altshuller with a rebound.
16:46 of 1st period - Slapshot by Matt Taormina.
16:46 of 1st period - Shot Blocked by Ryan Murray.
16:48 of 1st period - Slapshot by Matt Taormina.
16:48 of 1st period - Shot Misses the Net.
16:50 of 1st period - Snap shot by Jason Akeson.
16:50 of 1st period - Shot Misses the Net.
16:52 of 1st period - Backhand shot by Jason Akeson.
16:52 of 1st period - Goal by Jason Akeson - Sasquatch : 3 - Carnivores : 1.
16:53 of 1st period - Scott Laughton wins face-off versus Nick Bjugstad in neutral zone.
17:29 of 1st period - Slapshot by T.J Brodie.
17:29 of 1st period - Shot Misses the Net.
17:43 of 1st period - Patrick Wey is hit by T.J Brodie and loses puck.
18:10 of 1st period - Blake Geoffrion is hit by Drew Shore and loses puck.
18:23 of 1st period - Joe Corvo is hit by Teemu Hartikainen.
18:27 of 1st period - Wrist shot by Matt Taormina.
18:27 of 1st period - Deflect By Sergey Kalinin.
18:27 of 1st period - Shot Blocked by Joe Corvo.
18:27 of 1st period - Puck is out of play.
18:28 of 1st period - Melker Karlsson wins face-off versus Scott Laughton in Carnivores zone.
19:05 of 1st period - Wrist shot by Steve Begin.
19:05 of 1st period - Goal by Steve Begin - Sasquatch : 3 - Carnivores : 2.
19:06 of 1st period - Drew Shore wins face-off versus Anton Gustafsson in neutral zone.
Goals for this period are 3 for Sasquatch vs 2 for Carnivores.
Shots for this period are 10 for Sasquatch vs 14 for Carnivores.
2nd period
0:01 of 2nd period - Anton Gustafsson wins face-off versus Drew Shore in neutral zone.
0:57 of 2nd period - Slapshot by Nick Leddy.
0:57 of 2nd period - Shot Blocked by Nikita Alexeev.
1:44 of 2nd period - Matt Taormina is hit by T.J Brodie and loses puck.
2:06 of 2nd period - Slapshot by Jeremy Welsh.
2:06 of 2nd period - Stopped by Joonas Korpisalo without a rebound.
2:07 of 2nd period - Melker Karlsson wins face-off versus Zack Smith in Sasquatch zone.
2:07 of 2nd period - Melker Karlsson is hit by Zack Smith.
2:16 of 2nd period - Off-side.
2:17 of 2nd period - Melker Karlsson wins face-off versus Zack Smith in neutral zone.
2:26 of 2nd period - Wrist shot by Melker Karlsson.
2:26 of 2nd period - Stopped by Daniel Altshuller with a rebound.
2:28 of 2nd period - Wrist shot by Martin Marincin.
2:28 of 2nd period - Deflect By Ryan Murray.
2:28 of 2nd period - Stopped by Daniel Altshuller with a rebound.
2:30 of 2nd period - Snap shot by Lauri Tukonen.
2:30 of 2nd period - Stopped by Daniel Altshuller with a rebound.
2:32 of 2nd period - Snap shot by Brock Trotter.
2:32 of 2nd period - Stopped by Daniel Altshuller without a rebound.
2:33 of 2nd period - Filip Forsberg wins face-off versus Anton Gustafsson in Carnivores zone.
2:36 of 2nd period - Wrist shot by Filip Forsberg.
2:36 of 2nd period - Shot Misses the Net.
3:23 of 2nd period - Slapshot by Nick Leddy.
3:23 of 2nd period - Stopped by Daniel Altshuller with a rebound.
3:27 of 2nd period - Wrist shot by Sergey Kalinin.
3:27 of 2nd period - Stopped by Daniel Altshuller with a rebound.
3:31 of 2nd period - Snap shot by Petr Straka.
3:31 of 2nd period - Stopped by Daniel Altshuller without a rebound.
3:32 of 2nd period - Drew Shore wins face-off versus Anton Gustafsson in Carnivores zone.
3:33 of 2nd period - Slapshot by Jason Akeson.
3:33 of 2nd period - Stopped by Daniel Altshuller with a rebound.
3:35 of 2nd period - Backhand shot by Matt Taormina.
3:35 of 2nd period - Stopped by Daniel Altshuller with a rebound.
3:37 of 2nd period - Slapshot by Matt Taormina.
3:37 of 2nd period - Shot Misses the Net.
3:41 of 2nd period - Snap shot by Filip Forsberg.
3:41 of 2nd period - Shot Blocked by Blake Geoffrion.
3:43 of 2nd period - Snap shot by Drew Shore.
3:43 of 2nd period - Stopped by Daniel Altshuller without a rebound.
3:44 of 2nd period - Drew Shore wins face-off versus Anton Gustafsson in Carnivores zone.
3:45 of 2nd period - Snap shot by Jason Akeson.
3:45 of 2nd period - Shot Blocked by T.J Brodie.
3:47 of 2nd period - Slapshot by Matt Taormina.
3:47 of 2nd period - Shot Blocked by Anton Gustafsson.
3:49 of 2nd period - Snap shot by Matt Taormina.
3:49 of 2nd period - Shot Blocked by Brendan Gallagher.
3:51 of 2nd period - Wrist shot by Jason Akeson.
3:51 of 2nd period - Shot Blocked by T.J Brodie.
3:53 of 2nd period - Slapshot by Matt Taormina.
3:53 of 2nd period - Deflect By Jason Akeson.
3:53 of 2nd period - Stopped by Daniel Altshuller with a rebound.
3:55 of 2nd period - Slapshot by Matt Taormina.
3:55 of 2nd period - Stopped by Daniel Altshuller with a rebound.
3:57 of 2nd period - Wrist shot by Jason Akeson.
3:57 of 2nd period - Goal by Jason Akeson - Sasquatch : 4 - Carnivores : 2.
3:58 of 2nd period - Drew Shore wins face-off versus Anton Gustafsson in neutral zone.
4:09 of 2nd period - Snap shot by Brendan Gallagher.
4:09 of 2nd period - Stopped by Joonas Korpisalo without a rebound.
4:10 of 2nd period - Anton Gustafsson wins face-off versus Drew Shore in Sasquatch zone.
4:37 of 2nd period - Scott Laughton is hit by Matt Halischuk and loses puck.
5:21 of 2nd period - Slapshot by Joe Corvo.
5:21 of 2nd period - Shot Blocked by Brandon Gormley.
6:59 of 2nd period - Wrist shot by Anton Gustafsson.
6:59 of 2nd period - Stopped by Joonas Korpisalo without a rebound.
7:00 of 2nd period - Anton Gustafsson wins face-off versus Drew Shore in Sasquatch zone.
7:06 of 2nd period - Snap shot by Joe Corvo.
7:06 of 2nd period - Stopped by Joonas Korpisalo without a rebound.
7:07 of 2nd period - Anton Gustafsson wins face-off versus Drew Shore in Sasquatch zone.
7:36 of 2nd period - Ryan Murray is hit by Jason Zucker and loses puck.
8:01 of 2nd period - Wrist shot by Jeremy Williams.
8:01 of 2nd period - Stopped by Joonas Korpisalo with a rebound.
8:40 of 2nd period - Drew Shore is hit by Blake Geoffrion and loses puck.
8:45 of 2nd period - Slapshot by Brendan Gallagher.
8:45 of 2nd period - Shot Blocked by Martin Marincin.
8:59 of 2nd period - Snap shot by Jeremy Welsh.
8:59 of 2nd period - Shot Misses the Net.
9:01 of 2nd period - Snap shot by Jeremy Williams.
9:01 of 2nd period - Shot Blocked by Martin Marincin.
9:03 of 2nd period - Wrist shot by T.J Brodie.
9:03 of 2nd period - Deflect By Slava Voynov.
9:03 of 2nd period - Stopped by Joonas Korpisalo without a rebound.
9:04 of 2nd period - Markus Granlund wins face-off versus Nick Bjugstad in Sasquatch zone.
9:08 of 2nd period - Minor Penalty to Matt Halischuk for High sticking.
9:09 of 2nd period - Anton Gustafsson wins face-off versus Drew Shore in Sasquatch zone.
9:19 of 2nd period - Slapshot by Blake Geoffrion.
9:19 of 2nd period - Shot Misses the Net.
11:08 of 2nd period - Penalty to Matt Halischuk is over, Matt Halischuk is back on ice.
11:14 of 2nd period - Wrist shot by Mark McNeill.
11:14 of 2nd period - Stopped by Joonas Korpisalo without a rebound.
11:15 of 2nd period - Zack Smith wins face-off versus Nick Bjugstad in Sasquatch zone.
11:44 of 2nd period - Wrist shot by Jeremy Williams.
11:44 of 2nd period - Stopped by Joonas Korpisalo without a rebound.
11:45 of 2nd period - Markus Granlund wins face-off versus Melker Karlsson in Sasquatch zone.
11:48 of 2nd period - Snap shot by Jeremy Welsh.
11:48 of 2nd period - Shot Misses the Net.
11:50 of 2nd period - Slapshot by Ryan Murray.
11:50 of 2nd period - Stopped by Joonas Korpisalo with a rebound.
11:56 of 2nd period - Wrist shot by Jeremy Williams.
11:56 of 2nd period - Stopped by Joonas Korpisalo with a rebound.
12:02 of 2nd period - Snap shot by Jeremy Welsh.
12:02 of 2nd period - Stopped by Joonas Korpisalo with a rebound.
12:04 of 2nd period - Snap shot by Jeremy Welsh.
12:04 of 2nd period - Stopped by Joonas Korpisalo with a rebound.
12:06 of 2nd period - Slapshot by Joe Corvo.
12:06 of 2nd period - Stopped by Joonas Korpisalo with a rebound.
12:23 of 2nd period - Minor Penalty to Melker Karlsson for Roughing.
12:24 of 2nd period - Anton Gustafsson wins face-off versus Drew Shore in Sasquatch zone.
12:50 of 2nd period - Matt Taormina is hit by Steve Begin and loses puck.
13:25 of 2nd period - Nikita Alexeev is hit by Lauri Tukonen and loses puck.
14:02 of 2nd period - Drew Shore is hit by Mat Clark and loses puck.
14:23 of 2nd period - Penalty to Melker Karlsson is over, Melker Karlsson is back on ice.
14:29 of 2nd period - Snap shot by Matt Halischuk.
14:29 of 2nd period - Stopped by Daniel Altshuller without a rebound.
14:30 of 2nd period - Markus Granlund wins face-off versus Jason Zucker in Carnivores zone.
15:12 of 2nd period - Slapshot by Blake Geoffrion.
15:12 of 2nd period - Shot Misses the Net.
15:22 of 2nd period - Slapshot by Nick Leddy.
15:22 of 2nd period - Stopped by Daniel Altshuller without a rebound.
15:23 of 2nd period - Markus Granlund wins face-off versus Melker Karlsson in Carnivores zone.
15:32 of 2nd period - Lauri Tukonen is hit by Joe Corvo and loses puck.
16:08 of 2nd period - Patrick Wey is hit by Joe Corvo and loses puck.
16:14 of 2nd period - Off-side.
16:15 of 2nd period - Scott Laughton wins face-off versus Drew Shore in neutral zone.
16:28 of 2nd period - Snap shot by Jason Akeson.
16:28 of 2nd period - Deflect By Drew Shore.
16:28 of 2nd period - Shot Blocked by Nate Schmidt.
16:28 of 2nd period - Puck is out of play.
16:29 of 2nd period - Matt Halischuk wins face-off versus Anton Gustafsson in Carnivores zone.
16:32 of 2nd period - Snap shot by Nick Bjugstad.
16:32 of 2nd period - Shot Misses the Net.
16:35 of 2nd period - Icing by Brendan Gallagher.
16:36 of 2nd period - Jason Zucker wins face-off versus Brendan Gallagher in Carnivores zone.
16:37 of 2nd period - Snap shot by Matt Halischuk.
16:37 of 2nd period - Goal by Matt Halischuk - Sasquatch : 5 - Carnivores : 2.
16:38 of 2nd period - Drew Shore wins face-off versus Anton Gustafsson in neutral zone.
16:59 of 2nd period - Minor Penalty to Brendan Gallagher for Slashing.
17:00 of 2nd period - Anton Gustafsson wins face-off versus Drew Shore in Carnivores zone.
17:57 of 2nd period - Jason Zucker is hit by Steve Begin and loses puck.
18:57 of 2nd period - Jason Zucker is hit by Nicolas Kerdiles and loses puck.
18:59 of 2nd period - Penalty to Brendan Gallagher is over, Brendan Gallagher is back on ice.
19:08 of 2nd period - Snap shot by Brendan Gallagher.
19:08 of 2nd period - Shot Misses the Net.
19:18 of 2nd period - Minor Penalty to Nicolas Kerdiles for Hooking.
19:19 of 2nd period - Drew Shore wins face-off versus Anton Gustafsson in Carnivores zone.
19:24 of 2nd period - Snap shot by Filip Forsberg.
19:24 of 2nd period - Stopped by Daniel Altshuller without a rebound.
19:25 of 2nd period - Anton Gustafsson wins face-off versus Drew Shore in Carnivores zone.
19:34 of 2nd period - Slapshot by Nick Leddy.
19:34 of 2nd period - Shot Misses the Net.
19:36 of 2nd period - Wrist shot by Drew Shore.
19:36 of 2nd period - Shot Blocked by Steve Begin.
Goals for this period are 2 for Sasquatch vs 0 for Carnivores.
Shots for this period are 17 for Sasquatch vs 13 for Carnivores.
3rd period
0:01 of 3rd period - Drew Shore wins face-off versus Anton Gustafsson in neutral zone.
0:10 of 3rd period - Wrist shot by Filip Forsberg.
0:10 of 3rd period - Shot Blocked by Ryan Murray.
0:12 of 3rd period - Wrist shot by Nick Leddy.
0:12 of 3rd period - Stopped by Daniel Altshuller without a rebound.
0:13 of 3rd period - Drew Shore wins face-off versus Anton Gustafsson in Carnivores zone.
0:18 of 3rd period - Snap shot by Filip Forsberg.
0:18 of 3rd period - Shot Misses the Net.
0:26 of 3rd period - Snap shot by Filip Forsberg.
0:26 of 3rd period - Goal by Filip Forsberg - Sasquatch : 6 - Carnivores : 2.
0:26 of 3rd period - Antti Raanta enters game.
0:27 of 3rd period - Drew Shore wins face-off versus Anton Gustafsson in neutral zone.
1:07 of 3rd period - Minor Penalty to Matt Halischuk for Interference.
1:08 of 3rd period - Anton Gustafsson wins face-off versus Drew Shore in Sasquatch zone.
1:41 of 3rd period - Martin Marincin is hit by Mat Clark and loses puck.
3:00 of 3rd period - Sergey Kalinin is hit by Jeremy Welsh and loses puck.
3:07 of 3rd period - Penalty to Matt Halischuk is over, Matt Halischuk is back on ice.
3:21 of 3rd period - Slapshot by Matt Halischuk.
3:21 of 3rd period - Goal by Matt Halischuk - Sasquatch : 7 - Carnivores : 2.
3:22 of 3rd period - Jason Akeson wins face-off versus Anton Gustafsson in neutral zone.
3:39 of 3rd period - Drew Shore is hit by Mat Clark.
3:58 of 3rd period - Slapshot by Nick Bjugstad.
3:58 of 3rd period - Goal by Nick Bjugstad - Sasquatch : 8 - Carnivores : 2.
3:59 of 3rd period - Drew Shore wins face-off versus Anton Gustafsson in neutral zone.
4:04 of 3rd period - Wrist shot by Jason Akeson.
4:04 of 3rd period - Stopped by Antti Raanta without a rebound.
4:05 of 3rd period - Filip Forsberg wins face-off versus Anton Gustafsson in Carnivores zone.
4:08 of 3rd period - Wrist shot by Filip Forsberg.
4:08 of 3rd period - Stopped by Antti Raanta with a rebound.
4:32 of 3rd period - Slapshot by Nikita Alexeev.
4:32 of 3rd period - Shot Misses the Net.
4:34 of 3rd period - Snap shot by Scott Laughton.
4:34 of 3rd period - Stopped by Joonas Korpisalo with a rebound.
4:58 of 3rd period - Slapshot by Nick Leddy.
4:58 of 3rd period - Deflect By T.J Brodie.
4:58 of 3rd period - Stopped by Antti Raanta without a rebound.
4:59 of 3rd period - Drew Shore wins face-off versus Blake Geoffrion in Carnivores zone.
5:02 of 3rd period - Slapshot by Drew Shore.
5:02 of 3rd period - Stopped by Antti Raanta without a rebound.
5:03 of 3rd period - Drew Shore wins face-off versus Anton Gustafsson in Carnivores zone.
6:00 of 3rd period - Wrist shot by Jason Akeson.
6:00 of 3rd period - Stopped by Antti Raanta without a rebound.
6:01 of 3rd period - Anton Gustafsson wins face-off versus Nick Bjugstad in Carnivores zone.
6:28 of 3rd period - Lauri Tukonen is hit by Scott Laughton and loses puck.
7:11 of 3rd period - Wrist shot by Nicolas Kerdiles.
7:11 of 3rd period - Stopped by Joonas Korpisalo with a rebound.
7:26 of 3rd period - Icing by Lauri Tukonen.
7:27 of 3rd period - Melker Karlsson wins face-off versus Anton Gustafsson in Sasquatch zone.
7:52 of 3rd period - Snap shot by Martin Marincin.
7:52 of 3rd period - Stopped by Antti Raanta with a rebound.
7:54 of 3rd period - Snap shot by Nick Bjugstad.
7:54 of 3rd period - Shot Blocked by Nate Schmidt.
7:56 of 3rd period - Snap shot by Nick Bjugstad.
7:56 of 3rd period - Shot Misses the Net.
7:58 of 3rd period - Snap shot by Nick Bjugstad.
7:58 of 3rd period - Goal by Nick Bjugstad - Sasquatch : 9 - Carnivores : 2.
7:59 of 3rd period - Anton Gustafsson wins face-off versus Drew Shore in neutral zone.
8:04 of 3rd period - Wrist shot by Anton Gustafsson.
8:04 of 3rd period - Stopped by Joonas Korpisalo with a rebound.
8:06 of 3rd period - Slapshot by Blake Geoffrion.
8:06 of 3rd period - Shot Blocked by Drew Shore.
8:08 of 3rd period - Wrist shot by Anton Gustafsson.
8:08 of 3rd period - Stopped by Joonas Korpisalo without a rebound.
8:09 of 3rd period - Anton Gustafsson wins face-off versus Drew Shore in Sasquatch zone.
8:32 of 3rd period - Snap shot by Blake Geoffrion.
8:32 of 3rd period - Goal by Blake Geoffrion - Sasquatch : 9 - Carnivores : 3.
8:33 of 3rd period - Drew Shore wins face-off versus Anton Gustafsson in neutral zone.
8:44 of 3rd period - Snap shot by Drew Shore.
8:44 of 3rd period - Deflect By Filip Forsberg.
8:44 of 3rd period - Stopped by Antti Raanta with a rebound.
8:46 of 3rd period - Slapshot by Brandon Gormley.
8:46 of 3rd period - Shot Blocked by Ryan Murray.
8:48 of 3rd period - Slapshot by Filip Forsberg.
8:48 of 3rd period - Stopped by Antti Raanta without a rebound.
8:49 of 3rd period - Nick Bjugstad wins face-off versus Scott Laughton in Carnivores zone.
9:14 of 3rd period - Nick Leddy is hit by Anton Gustafsson.
9:29 of 3rd period - Lauri Tukonen beats up Josh Manson.
9:29 of 3rd period - Penalty to Josh Manson for Fighting.
9:29 of 3rd period - Penalty to Lauri Tukonen for Fighting.
9:29 of 3rd period - Penalty to Lauri Tukonen for instigated a fight.
9:29 of 3rd period - Penalty to Lauri Tukonen for instigated a fight.
9:30 of 3rd period - Anton Gustafsson wins face-off versus Drew Shore in Sasquatch zone.
10:03 of 3rd period - Slapshot by Anton Gustafsson.
10:03 of 3rd period - Shot Misses the Net.
10:31 of 3rd period - Snap shot by Brendan Gallagher.
10:31 of 3rd period - Stopped by Joonas Korpisalo with a rebound.
10:45 of 3rd period - Backhand shot by Anton Gustafsson.
10:45 of 3rd period - Goal by Anton Gustafsson - Sasquatch : 9 - Carnivores : 4.
10:46 of 3rd period - Scott Laughton wins face-off versus Nick Bjugstad in neutral zone.
10:53 of 3rd period - Wrist shot by Nikita Alexeev.
10:53 of 3rd period - Shot Misses the Net.
10:59 of 3rd period - Snap shot by Matt Halischuk.
10:59 of 3rd period - Stopped by Antti Raanta without a rebound.
11:00 of 3rd period - Nikita Alexeev wins face-off versus Nick Bjugstad in Carnivores zone.
11:21 of 3rd period - Nikita Alexeev is hit by Nick Bjugstad.
11:22 of 3rd period - Icing by Nikita Alexeev.
11:23 of 3rd period - Melker Karlsson wins face-off versus Steve Begin in Carnivores zone.
12:06 of 3rd period - Backhand shot by Nikita Alexeev.
12:06 of 3rd period - Shot Misses the Net.
12:08 of 3rd period - Snap shot by Nikita Alexeev.
12:08 of 3rd period - Shot Misses the Net.
12:10 of 3rd period - Wrist shot by Nikita Alexeev.
12:10 of 3rd period - Stopped by Joonas Korpisalo with a rebound.
12:12 of 3rd period - Slapshot by Joe Corvo.
12:12 of 3rd period - Deflect By Steve Begin.
12:12 of 3rd period - Stopped by Joonas Korpisalo without a rebound.
12:13 of 3rd period - Nick Bjugstad wins face-off versus Anton Gustafsson in Sasquatch zone.
12:13 of 3rd period - Nick Bjugstad is hit by Brendan Gallagher.
12:39 of 3rd period - Brock Trotter is hit by Jeremy Williams.
13:04 of 3rd period - Brock Trotter is hit by Mat Clark and loses puck.
13:35 of 3rd period - Nick Leddy is hit by Markus Granlund and loses puck.
13:46 of 3rd period - Slapshot by Nick Leddy.
13:46 of 3rd period - Deflect By Jeremy Williams.
13:46 of 3rd period - Stopped by Antti Raanta with a rebound.
15:21 of 3rd period - Wrist shot by Jeremy Welsh.
15:21 of 3rd period - Stopped by Joonas Korpisalo without a rebound.
15:22 of 3rd period - Anton Gustafsson wins face-off versus Drew Shore in Sasquatch zone.
15:25 of 3rd period - Wrist shot by Brendan Gallagher.
15:25 of 3rd period - Stopped by Joonas Korpisalo without a rebound.
15:26 of 3rd period - Drew Shore wins face-off versus Anton Gustafsson in Sasquatch zone.
15:38 of 3rd period - Ryan Murray is hit by Matt Taormina and loses puck.
17:18 of 3rd period - Icing by Mark McNeill.
17:19 of 3rd period - Jason Akeson wins face-off versus Nicolas Kerdiles in Carnivores zone.
17:30 of 3rd period - Slapshot by Blake Geoffrion.
17:30 of 3rd period - Shot Misses the Net.
17:52 of 3rd period - Jason Zucker is hit by Ryan Murray and loses puck.
18:25 of 3rd period - Slapshot by Ryan Murray.
18:25 of 3rd period - Stopped by Joonas Korpisalo without a rebound.
18:26 of 3rd period - Anton Gustafsson wins face-off versus Nick Bjugstad in Sasquatch zone.
18:27 of 3rd period - Wrist shot by Brendan Gallagher.
18:27 of 3rd period - Shot Blocked by Jason Zucker.
18:59 of 3rd period - Snap shot by Sergey Kalinin.
18:59 of 3rd period - Shot Misses the Net.
19:01 of 3rd period - Slapshot by Jason Zucker.
19:01 of 3rd period - Shot Misses the Net.
19:08 of 3rd period - Icing by Blake Geoffrion.
19:09 of 3rd period - Blake Geoffrion wins face-off versus Nick Bjugstad in Carnivores zone.
19:42 of 3rd period - Minor Penalty to Scott Laughton for Roughing.
19:43 of 3rd period - Anton Gustafsson wins face-off versus Drew Shore in Carnivores zone.
Goals for this period are 4 for Sasquatch vs 2 for Carnivores.
Shots for this period are 15 for Sasquatch vs 12 for Carnivores.
Back to the Top